Map: Galactic Process LE

Players

VeLocity

  • Race: Zerg Zerg
  • League: Grandmaster

MythiC - Winner!

  • Race: Terran Terran
  • League: Grandmaster

VOD

Have the link to the VOD?

Description

Shut down in the midgame, but I reach the ultimate lategame comp with a core of 20 ghosts.

Cham is a 6k MMR zerg who plays the Nerchio style.

Time

  • Played on: Oct. 17, 2016, 2:19 p.m.
  • Length: 18:38
Show
View Real Time Build Order
Export as new Build Order

VeLocity Zerg 

Build Orders: Pool First 

Get SALT Encoding   

  12  0:00  Drone  
  13  0:08  Drone  
  14  0:16  Overlord  
  14  0:35  Drone x3  
  17  0:44  Spawning Pool  
  17  0:48  Drone  
  17  1:08  Hatchery  
  16  1:12  Drone  
  16  1:15  Drone  
  18  1:23  Extractor  
  17  1:31  Queen, Zergling x2  
  20  1:33  Drone  
  21  1:41  Drone  
  22  1:53  Overlord  
  22  2:03  Roach Warren  
  22  2:06  Drone  
  22  2:11  Queen  
  22  2:15  Drone  
  25  2:23  Overlord  
  26  2:30  Queen  
  26  2:31  Drone  
  26  2:34  Drone x2  
  31  2:41  Drone x3  
  34  2:45  Drone  
  34  2:58  Hatchery  
  34  3:02  Drone  
  34  3:04  Drone  
  35  3:06  Drone  
  35  3:10  Overlord  
  35  3:12  Drone  
  37  3:18  Drone x2  
  39  3:20  Drone  
  39  3:22  Drone  
  39  3:23  Drone  
  39  3:26  Drone  
  42  3:27  Drone  
  42  3:31  Overlord  
  42  3:33  Drone  
  44  3:40  Drone, Roach Warren  
  44  3:51  Extractor  
  44  3:52  Drone x2  
  44  3:53  Drone, Overlord  
  46  3:57  Metabolic Boost, Drone x2  
  46  4:01  Overlord  
  48  4:08  Drone x2  
  50  4:12  Queen  
  50  4:14  Zergling x8  
  56  4:22  Zergling x2  
  56  4:23  Zergling x2  
  58  4:25  Roach x2  
  58  4:26  Roach x2  
  58  4:29  Roach  
  58  4:30  Roach  
  70  4:32  Roach  
  70  4:36  Roach  
  74  4:40  Overlord  
  74  4:42  Overlord  
  74  4:48  Evolution Chamber  
  73  4:54  Drone  
  73  4:55  Overlord  
  74  5:02  Drone x5  
  74  5:03  Drone x5  
  84  5:11  Zergling x4  
  84  5:13  Overlord  
  86  5:15  Zerg Ground Armor Level 1  
  86  5:21  Drone x2  
  86  5:27  Overlord  
  88  5:30  Lair  
  88  5:31  Extractor  
  88  5:32  Roach x3  
  88  5:33  Roach x2, Extractor  
  88  5:35  Overlord  
  96  5:37  Drone x3  
  96  5:42  Drone x2  
  101  5:44  Overlord  
  101  5:46  Spore Crawler  
  101  5:48  Drone  
  101  5:50  Spore Crawler  
  101  5:51  Drone  
  101  5:55  Drone  
  102  5:58  Extractor  
  102  5:59  Extractor  
  102  6:04  Evolution Chamber, Overlord  
  100  6:05  Drone x3  
  100  6:06  Drone  
  100  6:10  Roach x2  
  100  6:11  Roach  
  109  6:12  Ravager x2  
  109  6:17  Drone x3  
  109  6:18  Drone x3  
  115  6:21  Roach  
  115  6:22  Roach  
  115  6:23  Hatchery  
  120  6:26  Roach  
  120  6:31  Overlord  
  122  6:33  Roach x3  
  122  6:36  Drone  
  122  6:37  Infestation Pit  
  122  6:38  Roach  
  130  6:50  Roach  
  130  6:51  Roach x2  
  136  6:57  Overlord x2  
  136  6:59  Overlord x3  
  132  7:03  Overlord x2  
  132  7:06  Zerg Missile Weapons Level 1  
  132  7:08  Overlord  
  132  7:16  Overlord  
  132  7:17  Hive  
  132  7:18  Zerg Ground Armor Level 2  
  132  7:20  Drone x3  
  132  7:21  Drone  
  136  7:31  Infestor x2  
  136  7:32  Zergling x8  
  136  7:35  Drone x3  
  147  7:39  Overlord  
  147  7:41  Extractor  
  147  7:43  Roach x2  
  150  7:44  Ravager x2  
  150  7:47  Zergling x4  
  150  7:49  Zergling x4  
  150  7:50  Zergling x6  
  159  7:54  Drone  
  159  7:58  Spore Crawler  
  159  8:00  Zergling x4  
  159  8:01  Zergling x6  
  159  8:02  Glial Reconstitution  
  159  8:03  Zergling x4  
  166  8:06  Zergling x6  
  166  8:11  Drone, Overlord  
  170  8:13  Zergling x4  
  170  8:14  Ravager x2  
  170  8:15  Extractor  
  173  8:21  Zergling x4  
  173  8:23  Zergling x14  
  182  8:29  Zergling x6  
  185  8:34  Ultralisk Cavern  
  185  8:35  Drone  
  185  8:39  Overseer  
  185  8:41  Zergling x8  
  189  8:51  Zergling x12  
  189  8:52  Zergling x2  
  185  9:07  Queen  
  185  9:09  Drone x2  
  183  9:10  Drone  
  183  9:12  Zergling x6  
  183  9:15  Drone  
  183  9:16  Drone  
  186  9:20  Spore Crawler  
  186  9:22  Drone x4  
  186  9:24  Drone, Overlord  
  187  9:26  Spore Crawler, Chitinous Plating  
  187  9:28  Ultralisk x2  
  187  9:31  Zerg Melee Weapons Level 1  
  198  9:39  Zerg Ground Armor Level 3  
  198  9:52  Overlord  
  198  9:57  Spire  
  198  10:00  Drone x2  
  198  10:01  Baneling Nest  
  198  10:08  Zergling x4  
  198  10:12  Overseer  
  157  10:28  Ultralisk x3  
  157  10:32  Zergling x6, Ultralisk x2  
  157  10:34  Ravager  
  170  10:35  Ravager  
  170  10:36  Infestor  
  170  10:42  Drone x2  
  174  10:45  Zergling x12  
  179  10:58  Drone  
  177  11:05  Ravager x4  
  177  11:06  Ravager  
  177  11:08  Zergling x6, Ultralisk  
  191  11:13  Hatchery  
  174  11:27  Ultralisk  
  174  11:28  Ultralisk x2  
  190  11:33  Zergling x2  
  190  11:34  Zergling x14  
  190  11:37  Zerg Flyer Weapons Level 1  
  190  11:39  Centrifical Hooks  
  198  11:42  Zerg Melee Weapons Level 2  
  197  11:49  Zergling x4  
  195  11:57  Zergling x4, Ultralisk  
  177  12:09  Ultralisk x2  
  155  12:16  Ultralisk  
  155  12:20  Drone  
  155  12:21  Drone x6  
  162  12:31  Corruptor x2  
  162  12:32  Corruptor  
  168  12:37  Zergling x4  
  168  12:38  Zergling x4  
  172  12:47  Overlord  
  172  12:49  Spore Crawler  
  169  12:51  Corruptor x2  
  169  12:52  Corruptor x2  
  169  12:54  Infestor  
  179  12:58  Drone  
  179  12:59  Drone, Extractor  
  179  13:00  Zergling x4  
  179  13:01  Zergling x4, Extractor  
  183  13:15  Spine Crawler, Corruptor x2  
  186  13:21  Corruptor x2  
  190  13:27  Corruptor  
  190  13:28  Hatchery  
  190  13:31  Zerg Flyer Armor Level 1  
  190  13:32  Corruptor  
  193  13:35  Corruptor  
  195  13:42  Corruptor x2  
  195  13:54  Drone x3  
  195  13:55  Drone x3  
  192  14:03  Spore Crawler  
  192  14:04  Spine Crawler  
  192  14:09  Corruptor x2  
  188  14:10  Corruptor  
  188  14:12  Zergling x12  
  200  14:24  Overseer x2  
  200  14:34  Baneling x17  
  200  14:35  Baneling  
  200  14:52  Spire  
  186  15:07  Pneumatized Carapace  
  186  15:08  Nydus Network  
  185  15:18  Corruptor x3  
  185  15:20  Zergling x2  
  185  15:21  Zergling x10  
  198  15:34  Zerg Melee Weapons Level 3  
  198  15:37  Zergling x4  
  134  16:08  Ultralisk x6  
  150  16:12  Zergling x10, Ultralisk  
  150  16:15  Zergling x14  
  150  16:18  Zergling x14  
  169  16:19  Zergling x10  
  169  16:22  Ultralisk  
  186  16:25  Corruptor  
  186  16:28  Zergling x2  
  186  16:30  Baneling x2  
  186  16:32  Baneling x4  
  189  16:33  Baneling  
  189  16:42  Hatchery  
  188  16:47  Greater Spire  
  188  16:54  Baneling x4  
  188  16:55  Baneling x7  
  188  16:56  Baneling x3  
  188  16:57  Zergling x2  
  185  17:02  Zergling x2  
  185  17:03  Zergling x6  
  185  17:07  Nydus Canal  
  188  17:10  Zergling x6  
  182  17:35  Zergling x6, Ultralisk x2  
  197  17:37  Zergling x6  
  194  17:48  Zergling x2  
  194  17:49  Zergling x10  
  192  17:53  Ultralisk  
  192  17:56  Zergling x4  
Show
View Real Time Build Order
Export as new Build Order

MythiC Terran - Winner!

Build Orders: Reaper Expand, MMM Bio 

Get SALT Encoding   

  12  0:01  SCV  
  13  0:13  SCV  
  14  0:17  Supply Depot  
  14  0:25  SCV  
  15  0:38  SCV  
  15  0:42  Barracks  
  16  0:45  Refinery  
  16  0:51  SCV  
  17  1:03  SCV  
  18  1:15  SCV  
  19  1:29  Orbital Command  
  19  1:30  Reaper  
  20  1:40  Command Center  
  20  1:52  Barracks  
  20  1:55  SCV  
  21  2:03  Barracks Reactor  
  21  2:07  SCV  
  22  2:08  Supply Depot  
  22  2:17  Refinery  
  22  2:19  SCV  
  23  2:30  Factory  
  23  2:31  SCV  
  24  2:43  SCV  
  25  2:48  Marine x2  
  25  2:49  Barracks Tech Lab  
  26  2:55  SCV  
  27  3:06  Orbital Command  
  27  3:08  SCV  
  27  3:12  Marine x3  
  31  3:17  Stimpack  
  31  3:20  SCV  
  32  3:31  Marine x2  
  32  3:32  SCV  
  32  3:33  Factory Reactor  
  32  3:34  Starport, SCV  
  36  3:38  Marine  
  37  3:44  SCV  
  37  3:46  SCV  
  37  3:47  Supply Depot  
  39  3:53  Marine x2  
  41  3:56  SCV, Marine  
  41  3:58  SCV  
  44  4:07  Supply Depot  
  44  4:08  SCV  
  45  4:10  SCV  
  46  4:17  Marine x3  
  46  4:18  Medivac x2  
  46  4:20  SCV  
  54  4:28  SCV  
  54  4:30  Supply Depot  
  55  4:32  SCV  
  55  4:36  Supply Depot  
  56  4:40  SCV  
  56  4:43  Marine x3  
  56  4:44  SCV  
  56  4:45  Engineering Bay  
  61  4:46  Engineering Bay  
  61  4:53  SCV  
  61  4:56  SCV  
  63  5:00  Medivac, Widow Mine  
  63  5:04  Refinery  
  63  5:05  Supply Depot, SCV  
  63  5:06  Marine x2  
  63  5:07  Marine  
  70  5:08  SCV  
  72  5:14  Supply Depot  
  72  5:17  SCV  
  72  5:21  SCV  
  73  5:28  Marine x2  
  76  5:29  SCV  
  76  5:32  Factory Tech Lab, Viking  
  76  5:34  Terran Infantry Weapons Level 1  
  76  5:35  Terran Infantry Armor Level 1, SCV  
  80  5:39  Command Center  
  80  5:41  Marine  
  80  5:44  Combat Shields  
  80  5:45  SCV  
  80  5:46  Marine  
  80  5:48  SCV  
  83  5:53  Marine  
  84  5:57  SCV  
  84  5:58  Refinery, Marine  
  84  6:00  SCV  
  87  6:09  SCV  
  88  6:12  Supply Depot x2, SCV  
  88  6:16  Liberator x2  
  89  6:22  SCV, Marine  
  89  6:23  Marine x2  
  89  6:24  SCV  
  94  6:28  Armory  
  94  6:34  SCV  
  94  6:35  Supply Depot  
  94  6:37  SCV  
  102  6:46  SCV  
  103  6:54  SCV, Marine x2  
  99  6:55  Orbital Command  
  99  7:00  Siege Tank  
  99  7:01  Marine  
  100  7:05  SCV  
  101  7:13  Barracks, SCV  
  101  7:14  Barracks x2, Marine x2  
  104  7:17  Refinery, SCV  
  104  7:20  Barracks  
  104  7:21  Barracks x2  
  104  7:22  Marauder, SCV  
  108  7:25  SCV  
  108  7:29  SCV  
  110  7:31  Marine  
  110  7:32  Marine  
  110  7:35  Terran Infantry Weapons Level 2, Terran Infantry Armor Level 2  
  112  7:38  SCV  
  112  7:43  Medivac x2  
  112  7:44  SCV x2  
  119  7:59  Marine  
  119  8:00  Marine  
  119  8:01  Marauder  
  119  8:04  Siege Tank, Barracks Tech Lab x2  
  126  8:06  Barracks Reactor  
  126  8:07  Barracks Tech Lab  
  126  8:08  Barracks Reactor, Barracks Tech Lab  
  126  8:12  Command Center  
  126  8:14  Supply Depot x2  
  126  8:15  Supply Depot  
  126  8:16  Medivac x2, SCV x2  
  132  8:30  Marauder  
  133  8:35  Marauder x3, Marine x2  
  133  8:36  Marauder  
  133  8:37  Supply Depot  
  133  8:40  Supply Depot x2  
  143  8:46  Marine x2  
  145  8:51  Marine x2  
  145  8:52  Marauder  
  149  8:57  Marauder  
  142  9:03  Liberator x2, Marauder, Marine x3  
  142  9:06  Marauder, Marine x2  
  142  9:08  Siege Tank, Marine  
  154  9:13  Marauder  
  153  9:20  Marine x2  
  153  9:21  Marauder x2, Marine  
  162  9:29  Marauder x2, Marine x2  
  168  9:34  Marauder  
  168  9:37  Marine  
  171  9:38  Marine  
  171  9:44  Refinery, Marauder, Marine x2  
  171  9:45  Marauder  
  178  9:47  Marine x2  
  178  9:50  Siege Tank, Marauder, Marine  
  186  9:55  Marine  
  187  10:01  Planetary Fortress  
  187  10:02  Starport, Ghost Academy  
  187  10:04  Starport  
  187  10:05  Refinery  
  187  10:06  Refinery  
  187  10:10  Marine x2  
  187  10:11  Marauder  
  191  10:19  Marauder, Marine x2  
  191  10:21  Marauder, Marine x2  
  190  10:24  Terran Infantry Weapons Level 3  
  190  10:25  Marauder x2  
  190  10:28  Marine x2  
  163  10:31  Marine  
  151  10:38  Marine x2  
  151  10:39  Siege Tank  
  151  10:40  Medivac  
  151  10:41  Marauder  
  162  10:43  Marauder  
  162  10:45  Marine  
  162  10:46  Marauder, Marine x2  
  162  10:47  Marauder  
  169  10:57  Liberator  
  169  10:58  Liberator  
  169  11:02  Supply Depot, Ghost  
  175  11:07  SCV x3  
  178  11:13  Marine x3  
  178  11:14  Marine  
  178  11:15  Ghost x2  
  185  11:29  Ghost x2  
  184  11:43  Terran Infantry Armor Level 3, Command Center  
  184  11:44  Terran Ship Weapons Level 1  
  184  11:47  Command Center  
  146  12:11  Marine x2  
  146  12:12  Ghost x2, Marauder  
  137  12:18  Ghost x2, Marine x2  
  137  12:20  Marine x2  
  137  12:21  Medivac  
  147  12:24  SCV  
  147  12:28  SCV x3  
  151  12:40  Liberator x2  
  151  12:45  Liberator x2  
  151  12:46  Ghost x2  
  151  12:48  SCV  
  151  12:49  SCV  
  157  12:56  Ghost  
  171  13:06  SCV x4  
  175  13:14  Missile Turret  
  175  13:19  Ghost x4  
  183  13:27  Liberator x2  
  183  13:28  Marauder, Marine x5  
  196  13:49  Terran Ship Weapons Level 2  
  196  13:54  Liberator  
  177  14:10  Liberator  
  177  14:11  Starport Tech Lab  
  177  14:13  Fusion Core  
  180  14:24  Planetary Fortress  
  183  14:32  Refinery  
  183  14:33  Missile Turret x2, Refinery  
  183  14:38  Missile Turret  
  182  14:47  Ghost x3  
  182  14:48  Ghost x2  
  182  14:49  Sensor Tower, Missile Turret  
  192  15:06  Personal Cloaking  
  192  15:08  Advanced Ballistics  
  192  15:16  Missile Turret, Ghost  
  192  15:17  Liberator x2  
  194  15:24  Missile Turret x2  
  200  15:52  Liberator x2  
  151  16:08  Marauder, Marine x5  
  151  16:09  Marine x2  
  157  16:13  Ghost  
  160  16:21  Orbital Command  
  160  16:26  Liberator x2  
  160  16:29  Ghost  
  160  16:30  Ghost x2, Command Center  
  160  16:31  Marauder  
  160  16:32  Marine x2  
  164  16:33  Marine x4  
  164  16:35  Liberator  
  170  16:42  Ghost  
  178  16:50  Marine x3  
  178  16:51  Marine x3  
  187  16:55  Command Center  
  187  16:58  Command Center  
  144  18:00  Marauder, Marine x2  
  118  18:20  Marine x2  
Tags
 
Add a new tag
Caveats
  • Supply blocks, unpowered buildings, or Contaminate may cause inaccurate times.
  • Supply counts are checked every 10 seconds.